 Dungeon Crawl Stone Soup version 0.31-a0-920-g28cbb04a8c (webtiles) character file.

Game seed: 1496549728344789743

29 D12ThenQuit the Cutter (level 3, -3/26 HPs)
             Began as an Octopode Fighter on Oct 17, 2023.
             Slain by an orc wizard
             ... wielding a +0 dagger of venom
              (5 damage)
             ... on level 3 of the Dungeon.
             The game lasted 00:02:05 (1483 turns).

D12ThenQuit the Cutter (Octopode Fighter)           Turns: 1483, Time: 00:02:06

Health: -3/26      AC:  1    Str: 15    XL:     3   Next: 16%
Magic:  3/3        EV: 13    Int: 12    God:
Gold:   109        SH:  4    Dex: 11    Spells: 2/2 levels left

rFire   . . .        a - +0 rapier
rCold   . . .        b - +0 buckler
rNeg    . . .        (helmet restricted)
rPois   .            (no amulet)
rElec   .            i - ring of flight
rCorr   .            (no ring)
SInv    .            (no ring)
Will    .....        (no ring)
Stlth   +++          (no ring)
HPRegen 0.24/turn    (no ring)
MPRegen 0.08/turn    (no ring)
                     (no ring)

%: no passive effects
@: lethally poisoned (-3 -> -5), flying
A: almost no armour, amphibious, 8 rings, camouflage 1, gelatinous body 1,
(nimble swimmer 1), tentacles
a: no special abilities


You were on level 3 of the Dungeon.
You visited 1 branch of the dungeon, and saw 3 of its levels.

You collected 109 gold pieces.

Inventory:

Hand Weapons
 a - a +0 rapier (weapon)
Armour
 b - a +0 buckler (worn)
Jewellery
 i - a ring of flight (left tentacle)
Scrolls
 d - a scroll of fog {unknown}
 f - a scroll of teleportation {unknown}
 k - a scroll of enchant armour {unknown}
 n - a scroll of blinking {unknown}
 o - a scroll of brand weapon {unknown}
 p - a scroll of enchant weapon {unknown}
 q - a scroll of identify {unknown}
Potions
 c - a potion of might
 h - a potion of lignification


   Skills:
 - Level 3.0 Fighting
 + Level 3.2 Short Blades
 - Level 3.0 Dodging
 + Level 1.7 Stealth
 - Level 3.0 Shields


You had 2 spell levels left.
You didn't know any spells.
Your spell library contained the following spells:

 Spells                   Type           Power      Damage    Failure   Level
 Ignite Poison            Fire/Tmut/Pois 0%         N/A       78%         3
 Sticky Flame             Conj/Fire      0%         2d3       99%         4
 Ignition                 Fire           0%         3d3       100%        8


Dungeon Overview and Level Annotations

Branches:
Dungeon (3/15)

Altars:
Elyvilon


Innate Abilities, Weirdness & Mutations

You cannot wear most types of armour.
You are amphibious.
You can wear up to eight rings at the same time.
Your skin changes colour to match your surroundings (Stealth+).
Your rubbery body absorbs attacks. (AC +1, EV +1)
((You are camouflaged when in or above water. (Stealth+)))
You have tentacles for arms and can constrict up to eight enemies at once.


Message History

Okay, then.
You hit something. Something completely misses you. The quokka bites you.
Something hits you but does no damage.
It was a potion of resistance.
You feel protected.
The quokka bites you but does no damage.
Something hits you but does no damage.
It was a potion of enlightenment.
Your roots keep you in place.
The quokka bites you but does no damage.
Something hits you but does no damage.
It was a potion of haste.
You feel yourself speed up.
The quokka bites you but does no damage.
Something hits you. The quokka barely misses you.
Okay, then.
It was a potion of attraction.
You feel attractive to monsters.
It was a potion of cancellation.
Your magical effects are unravelling.
You feel magically purged.
You feel less wooden.
You feel yourself slow down.
You feel less confused.
Your resistance to elements expires.
Your enlightenment fades.
The quokka bites you.
* * * LOW HITPOINT WARNING * * *
Something hits you.
* * * LOW HITPOINT WARNING * * *
You are lethally poisoned!
You feel less attractive to monsters.
Unknown command.
Okay, then.
Unknown command.
Unknown command.
You hit something.
* * * LOW HITPOINT WARNING * * *
You feel sick.
The quokka bites you but does no damage.
You block something's attack.
You hit something.
* * * LOW HITPOINT WARNING * * *
You feel sick. The quokka closely misses you. Something hits you.
You die...

..........# ..#
...........###..
...........#...
.............#
...............##
...........!....#
............# ..#
#.......{..###..#
..#...[..@...#....#
......#.r.........#
..............###.#
.....#......##
:.#<...<...## .
#....)†...#
#....#.......#
....##....†..#
##...........#####


You could see a quokka.

Vanquished Creatures
  A dart slug (D:3)
  2 endoplasms (D:1)
  2 giant cockroaches (D:1)
  5 goblins
  3 hobgoblins (D:1)
  2 quokkas
  4 ball pythons
  2 bats
  A frilled lizard (D:2)
  A kobold (D:1)
  3 rats (D:1)
26 creatures vanquished.

Notes
Turn   | Place    | Note
-------+----------+-------------------------------------------
     0 | D:1      | D12ThenQuit the Octopode Fighter began the quest for the
                  | Orb.
     0 | D:1      | Reached XP level 1. HP: 16/16 MP: 1/1
    45 | D:1      | Found a faded altar of an unknown god.
   283 | D:1      | Reached XP level 2. HP: 13/21 MP: 2/2
   935 | D:2      | Reached skill level 1 in Stealth
   961 | D:2      | Found a white marble altar of Elyvilon.
  1203 | D:2      | Reached XP level 3. HP: 26/26 MP: 3/3
  1483 | D:3      | Slain by an orc wizard

Illustrated notes

Levels and vault maps discovered:
D:1:      spicycebolla_arrival_clurvy, layout_basic,
          shapermc_ecumenical_altar_totnotflames, minmay_misc_feat_tiny
D:2:      layout_loops_ring, basic_altar
D:3:      layout_rooms

Skill      XL: |  1  2 |
---------------+-------+-----
Short Blades   | 3 |  3.2
Stealth        | 1 |  1.7
Fighting       | |  3.0
Dodging        | |  3.0
Shields        | |  3.0

Action                     || total
---------------------------++-------
  Melee: Rapier            ||    52
         Constrict         ||    10
         Tentacles         ||     7
         Punch             ||     1
    Use: Potion            ||     6
   Stab: Sleeping          ||     4
 Armour: Skin              ||    35
  Dodge: Dodged            ||    25
  Block: Buckler           ||     6

Table legend: (Time is in decaauts)
 A = Elapsed time spent in this place.
 B = Non-inter-level travel time spent in this place.
 C = Inter-level travel time spent in this place.
 D = Time resting spent in this place.
 E = Time spent auto-exploring this place.
 F = Levels seen in this place.
 G = Mean time per level.
                   A        B        C        D        E       F      G
               +--------+--------+--------+--------+--------+-----+--------+
         Total |   1486 |   1436 |     50 |     40 |   1153 |   3 |  495.3 |
       Dungeon |   1486 |   1436 |     50 |     40 |   1153 |   3 |  495.3 |
               +--------+--------+--------+--------+--------+-----+--------+

Top non-repeatable levels by time:
     D:1: 764 daAuts
     D:2: 664 daAuts
     D:3: 57 daAuts
